| TOP OF THE 1ST |
|
Burlington Bees batting - Pitching for Cedar Rapids Cardinals : RHP Craig Chamberlain
|
|
Pitching: RHP Craig Chamberlain
|
|
|
Batting: RHB Mike Quade
|
0-0: Foul Ball, location: 2F 0-1: Ball 1-1: Ball 2-1: Ground out 5-3 (Groundball, 56, EV 98.8 MPH)
|
|
Batting: RHB Alexander Delano
|
0-0: Called Strike 0-1: Called Strike 0-2: Strikes out swinging
|
|
Batting: RHB Bob Gergen
|
0-0: Ball 1-0: Ball 2-0: Ball 3-0: Called Strike 3-1: Base on Balls
|
|
Batting: RHB Herbert Kizer
|
0-0: Called Strike 0-1: Single, Error in OF, E7, batter to second base (Line Drive, 7S, EV 106.3 MPH) Bob Gergen to third
|
|
Batting: LHB Pat Castiglia
|
0-0: Ball 1-0: Ball 2-0: Ball 3-0: Base on Balls
|
|
Batting: RHB Thomas Echstenkamper
|
0-0: Ball 1-0: TRIPLE (Line Drive, 8RXD, EV 101.9 MPH) Bob Gergen scores Herbert Kizer scores Pat Castiglia scores
|
|
Batting: RHB Mike Morse
|
0-0: Called Strike 0-1: Swinging Strike 0-2: Foul Ball, location: 2F 0-2: Foul Ball, location: 2F 0-2: Ball 1-2: Strikes out swinging
|
| Top of the 1st over - 3 runs, 2 hits, 1 error, 1 left on base; Burlington 3 - Cedar Rapids 0 |
| BOTTOM OF THE 1ST |
|
Cedar Rapids Cardinals batting - Pitching for Burlington Bees : RHP Steven Gibson
|
|
Pitching: RHP Steven Gibson
|
|
|
Batting: RHB Nehames Bernstine
|
0-0: Ball 1-0: Ball 2-0: Bunted foul 2-1: Fly out, F8 (Flyball, 8LM, EV 88.1 MPH)
|
|
Batting: RHB Reggie D Williams
|
0-0: Foul Ball, location: 2F 0-1: SINGLE (Line Drive, 3D, EV 101.3 MPH)
|
|
Batting: RHB Winston Ficklin
|
0-0: Ball Reggie D Williams steals 2nd base (no throw) 1-0: Ball 2-0: Foul Ball, location: 2F 2-1: Ball 3-1: Base on Balls
|
|
Batting: RHB Mark Poole
|
0-0: Swinging Strike 0-1: Ball Reggie D Williams steals 3rd base Winston Ficklin to second 1-1: Ball 2-1: SINGLE (Flyball, 9LS, EV 100.0 MPH) Reggie D Williams scores Winston Ficklin to third Runner from 3rd tries for Home, SAFE, throw by RF to home
|
|
Batting: RHB Carson Carroll
|
0-0: Called Strike 0-1: Foul Ball, location: 2F 0-2: Ball 1-2: Foul Ball, location: 2F 1-2: Ball 2-2: Ball 3-2: Fly out, F6 (Popup, P, EV 83.1 MPH)
|
|
Batting: LHB Chris Henry
|
0-0: Called Strike 0-1: Foul Ball, location: 2F 0-2: Ball 1-2: Foul Ball, location: 2F 1-2: Ground out 4-3 (Groundball, 34, EV 80.6 MPH)
|
| Bottom of the 1st over - 2 runs, 2 hits, 0 errors, 1 left on base; Burlington 3 - Cedar Rapids 2 |
| TOP OF THE 2ND |
|
Burlington Bees batting - Pitching for Cedar Rapids Cardinals : RHP Craig Chamberlain
|
|
Batting: RHB Gregory Chinn
|
0-0: Ball 1-0: Foul Ball, location: 2F 1-1: Ball 2-1: Foul Ball, location: 2F 2-2: SINGLE (Groundball, 34D, EV 97.5 MPH)
|
|
Batting: RHB Collin Tanabe
|
0-0: Ball 1-0: Fly out, F8 (Flyball, 8LD, EV 86.3 MPH)
|
|
Batting: RHB Mike Quade
|
0-0: Called Strike 0-1: Called Strike 0-2: Fly out, F9 (Flyball, 9D, EV 105.0 MPH)
|
|
Batting: RHB Alexander Delano
|
0-0: Ball 1-0: Called Strike Gregory Chinn is caught stealing 2nd base 2-4
|
| Top of the 2nd over - 0 runs, 1 hit, 0 errors, 0 left on base; Burlington 3 - Cedar Rapids 2 |
| BOTTOM OF THE 2ND |
|
Cedar Rapids Cardinals batting - Pitching for Burlington Bees : RHP Steven Gibson
|
|
Batting: SHB Bryan Hoppie
|
0-0: Called Strike 0-1: Called Strike 0-2: Strikes out looking
|
|
Batting: RHB Dean Kornacker
|
0-0: Ball 1-0: Called Strike 1-1: Ball 2-1: Foul Ball, location: 2F 2-2: Foul Ball, location: 2F 2-2: Fly out, F3 (Line Drive, 3, EV 65.0 MPH)
|
|
Batting: SHB Duane Johnson
|
0-0: Called Strike 0-1: Ball 1-1: Bunt for hit to 15 - play at first, batter OUT! 1-3
|
| Bottom of the 2nd over - 0 runs, 0 hits, 0 errors, 0 left on base; Burlington 3 - Cedar Rapids 2 |
| TOP OF THE 3RD |
|
Burlington Bees batting - Pitching for Cedar Rapids Cardinals : RHP Craig Chamberlain
|
|
Batting: RHB Alexander Delano
|
0-0: Ball 1-0: Called Strike 1-1: Fly out, F8 (Flyball, 8LXD, EV 81.9 MPH)
|
|
Batting: RHB Bob Gergen
|
0-0: Called Strike 0-1: Ball 1-1: Foul Ball, location: 2F 1-2: Ball 2-2: Ball 3-2: Strikes out swinging
|
|
Batting: RHB Herbert Kizer
|
0-0: Ground out 5-3 (Groundball, 5, EV 103.8 MPH)
|
| Top of the 3rd over - 0 runs, 0 hits, 0 errors, 0 left on base; Burlington 3 - Cedar Rapids 2 |
| BOTTOM OF THE 3RD |
|
Cedar Rapids Cardinals batting - Pitching for Burlington Bees : RHP Steven Gibson
|
|
Batting: RHB Nehames Bernstine
|
0-0: Ball 1-0: Called Strike 1-1: Swinging Strike 1-2: Strikes out swinging
|
|
Batting: RHB Reggie D Williams
|
0-0: Called Strike 0-1: Ball 1-1: Ball 2-1: Called Strike 2-2: Foul Ball, location: 2F 2-2: Ball 3-2: Foul Ball, location: 2F 3-2: Base on Balls
|
|
Batting: RHB Winston Ficklin
|
0-0: Grounds into double play, 5-4-3 (Groundball, 56S, EV 81.3 MPH)
|
| Bottom of the 3rd over - 0 runs, 0 hits, 0 errors, 0 left on base; Burlington 3 - Cedar Rapids 2 |
| TOP OF THE 4TH |
|
Burlington Bees batting - Pitching for Cedar Rapids Cardinals : RHP Craig Chamberlain
|
|
Batting: LHB Pat Castiglia
|
0-0: Called Strike 0-1: Ball 1-1: Ball 2-1: Ball 3-1: Foul Ball, location: 2F 3-2: Base on Balls
|
|
Batting: RHB Thomas Echstenkamper
|
0-0: Ball 1-0: Ground out 6-3 (Groundball, P, EV 85.0 MPH) Pat Castiglia to second
|
|
Batting: RHB Mike Morse
|
0-0: Fly out, F8 (Flyball, 8RXD, EV 95.6 MPH) Runner from 2nd tags up, SAFE at 3rd, no throw by CF
|
|
Batting: RHB Gregory Chinn
|
0-0: Ball 1-0: Ball 2-0: Called Strike 2-1: Foul Ball, location: 2F 2-2: Strikes out looking
|
| Top of the 4th over - 0 runs, 0 hits, 0 errors, 1 left on base; Burlington 3 - Cedar Rapids 2 |
| BOTTOM OF THE 4TH |
|
Cedar Rapids Cardinals batting - Pitching for Burlington Bees : RHP Steven Gibson
|
|
Batting: RHB Mark Poole
|
0-0: Ball 1-0: Foul Ball, location: 2F 1-1: Foul Ball, location: 2F 1-2: Ball 2-2: Fly out, F9 (Flyball, 89D, EV 98.1 MPH)
|
|
Batting: RHB Carson Carroll
|
0-0: Swinging Strike 0-1: Ball 1-1: Foul Ball, location: 2F 1-2: Ball 2-2: Foul Ball, location: 2F 2-2: Reached on error, E4 (Groundball, 4, EV 100.0 MPH)
|
|
Batting: LHB Chris Henry
|
0-0: Swinging Strike 0-1: Ground out U3 (Groundball, 3, EV 108.1 MPH) Carson Carroll to third
|
|
Batting: SHB Bryan Hoppie
|
0-0: Ball 1-0: Ball 2-0: Swinging Strike 2-1: Ball 3-1: Called Strike 3-2: Base on Balls
|
|
Batting: RHB Dean Kornacker
|
0-0: Ball 1-0: Ball 2-0: Ball 3-0: Base on Balls Bryan Hoppie to second
|
|
Batting: SHB Duane Johnson
|
0-0: Called Strike 0-1: Ball 1-1: Foul Ball, location: 2F 1-2: Fly out, F8 (Flyball, 8LXD, EV 100.0 MPH)
|
| Bottom of the 4th over - 0 runs, 0 hits, 1 error, 3 left on base; Burlington 3 - Cedar Rapids 2 |
| TOP OF THE 5TH |
|
Burlington Bees batting - Pitching for Cedar Rapids Cardinals : RHP Craig Chamberlain
|
|
Batting: RHB Collin Tanabe
|
0-0: Ball 1-0: Called Strike 1-1: SINGLE (Groundball, 5D, EV 97.5 MPH)
|
|
Batting: RHB Mike Quade
|
0-0: Sac Bunt to 2R - play at first, batter OUT! 2-3 Collin Tanabe to second
|
|
Batting: RHB Alexander Delano
|
0-0: Called Strike 0-1: Foul Ball, location: 2F 0-2: DOUBLE (Flyball, 78XD, EV 98.1 MPH) Collin Tanabe scores
|
|
Batting: RHB Bob Gergen
|
0-0: Ground out 4-3 (Groundball, 4S, EV 85.0 MPH) Alexander Delano to third
|
|
Batting: RHB Herbert Kizer
|
0-0: Ball 1-0: Called Strike 1-1: Ball 2-1: Ball 3-1: Base on Balls
|
|
Batting: LHB Pat Castiglia
|
0-0: Ball 1-0: Ball 2-0: Ground out 1-3 (Groundball, 13S, EV 61.9 MPH)
|
| Top of the 5th over - 1 run, 2 hits, 0 errors, 2 left on base; Burlington 4 - Cedar Rapids 2 |
| BOTTOM OF THE 5TH |
|
Cedar Rapids Cardinals batting - Pitching for Burlington Bees : RHP Steven Gibson
|
|
Batting: RHB Nehames Bernstine
|
0-0: Ball 1-0: Swinging Strike 1-1: Ball 2-1: SINGLE (Groundball, 56D, EV 105.0 MPH)
|
|
Batting: RHB Reggie D Williams
|
0-0: Ball 1-0: Bunt - Flyout to P! F1
|
|
Batting: RHB Winston Ficklin
|
0-0: Ball 1-0: Hit by Pitch Nehames Bernstine to second
|
|
Batting: RHB Mark Poole
|
0-0: Called Strike 0-1: Ball 1-1: Ball 2-1: SINGLE (Line Drive, 3D, EV 95.0 MPH) Nehames Bernstine to third Winston Ficklin to second Runner from 3rd tries for Home, SAFE, throw by RF to home
|
|
Batting: RHB Carson Carroll
|
0-0: Ball 1-0: Called Strike 1-1: Grounds into double play, 4-6-3 (Groundball, 4, EV 99.4 MPH)
|
| Bottom of the 5th over - 1 run, 2 hits, 0 errors, 1 left on base; Burlington 4 - Cedar Rapids 3 |
| TOP OF THE 6TH |
|
Burlington Bees batting - Pitching for Cedar Rapids Cardinals : RHP Craig Chamberlain
|
|
Batting: RHB Thomas Echstenkamper
|
0-0: Ball 1-0: Foul Ball, location: 2F 1-1: Ball 2-1: Called Strike 2-2: Fly out, F8 (Line Drive, 8LM, EV 91.9 MPH)
|
|
Batting: RHB Mike Morse
|
0-0: Ball 1-0: Ball 2-0: Ball 3-0: Called Strike 3-1: Foul Ball, location: 2F 3-2: Ground out 4-3 (Groundball, 4, EV 109.4 MPH)
|
|
Batting: RHB Gregory Chinn
|
0-0: Fly out, F9 (Flyball, 89S, EV 90.0 MPH)
|
| Top of the 6th over - 0 runs, 0 hits, 0 errors, 0 left on base; Burlington 4 - Cedar Rapids 3 |
| BOTTOM OF THE 6TH |
|
Cedar Rapids Cardinals batting - Pitching for Burlington Bees : RHP Steven Gibson
|
|
Batting: LHB Chris Henry
|
0-0: Ball 1-0: Ball 2-0: Ball 3-0: Base on Balls
|
|
Batting: SHB Bryan Hoppie
|
0-0: Foul Ball, location: 2F 0-1: Called Strike 0-2: Foul Ball, location: 2F 0-2: Foul Ball, location: 2F 0-2: Ball 1-2: Foul Ball, location: 2F 1-2: Fly out, F7 (Flyball, 78D, EV 99.4 MPH)
|
|
Batting: RHB Dean Kornacker
|
0-0: Ball 1-0: Ball 2-0: Ball 3-0: Base on Balls Chris Henry to second
|
|
Batting: SHB Duane Johnson
|
0-0: Foul Ball, location: 2F 0-1: SINGLE (Flyball, 6D, EV 93.8 MPH) Chris Henry to third Dean Kornacker to second
|
|
Batting: RHB Nehames Bernstine
|
0-0: Called Strike 0-1: Ball 1-1: Grounds into fielders choice 5-2 (Groundball, 5S, EV 93.1 MPH) Dean Kornacker to third Duane Johnson to second
|
|
Batting: RHB Reggie D Williams
|
0-0: Called Strike 0-1: Ball 1-1: Ball 2-1: Called Strike 2-2: Foul Ball, location: 2F 2-2: Ball 3-2: Foul Ball, location: 2F 3-2: Ground out 4-3 (Groundball, 4, EV 93.1 MPH)
|
| Bottom of the 6th over - 0 runs, 1 hit, 0 errors, 3 left on base; Burlington 4 - Cedar Rapids 3 |
| TOP OF THE 7TH |
|
Burlington Bees batting - Pitching for Cedar Rapids Cardinals : RHP Craig Chamberlain
|
|
Batting: RHB Collin Tanabe
|
0-0: Called Strike 0-1: Swinging Strike 0-2: Ball 1-2: Ball 2-2: Ball 3-2: Fly out, F4 (Flyball, 34D, EV 90.6 MPH)
|
|
Batting: RHB Mike Quade
|
0-0: Foul Ball, location: 2F 0-1: Ball 1-1: Ball 2-1: Ball 3-1: Foul Ball, location: 2F 3-2: Ground out 5-3 (Groundball, 56, EV 85.6 MPH)
|
|
Batting: RHB Alexander Delano
|
0-0: Ball 1-0: Swinging Strike 1-1: Called Strike 1-2: DOUBLE (Flyball, 8LD, EV 101.3 MPH)
|
|
Batting: RHB Bob Gergen
|
0-0: Called Strike 0-1: Swinging Strike 0-2: Ball 1-2: Foul Ball, location: 2F 1-2: Ball 2-2: Foul Ball, location: 2F 2-2: Ball 3-2: Base on Balls
|
|
Batting: RHB Herbert Kizer
|
0-0: Foul Ball, location: 2F 0-1: Foul Ball, location: 2F 0-2: Foul Ball, location: 2F 0-2: Fly out, F4 (Popup, 34D, EV 51.3 MPH)
|
| Top of the 7th over - 0 runs, 1 hit, 0 errors, 2 left on base; Burlington 4 - Cedar Rapids 3 |
| BOTTOM OF THE 7TH |
|
Cedar Rapids Cardinals batting - Pitching for Burlington Bees : RHP Steven Gibson
|
|
Batting: RHB Winston Ficklin
|
0-0: Called Strike 0-1: Swinging Strike 0-2: Hit by Pitch
|
|
Batting: RHB Mark Poole
|
0-0: Ball 1-0: Called Strike 1-1: Ball 2-1: SINGLE (Groundball, 6D, EV 106.3 MPH) Winston Ficklin to second
|
|
Pinch Hitting: LHB Doug Loman
|
0-0: Ball 1-0: Grounds into double play, 6-4-3 (Groundball, 6M, EV 97.5 MPH) Winston Ficklin to third
|
|
Batting: LHB Chris Henry
|
0-0: Called Strike 0-1: Ball 1-1: DOUBLE (Line Drive, 89M, EV 103.8 MPH) Winston Ficklin scores
|
|
Batting: SHB Bryan Hoppie
|
0-0: Ball 1-0: Swinging Strike 1-1: Foul Ball, location: 2F 1-2: Ball 2-2: Fly out, F8 (Flyball, 8LD, EV 84.4 MPH)
|
| Bottom of the 7th over - 1 run, 2 hits, 0 errors, 1 left on base; Burlington 4 - Cedar Rapids 4 |
| TOP OF THE 8TH |
|
Burlington Bees batting - Pitching for Cedar Rapids Cardinals : RHP Craig Chamberlain
|
|
Now at 1B: Kyle Sanford
|
|
|
Batting: LHB Pat Castiglia
|
0-0: Called Strike 0-1: Called Strike 0-2: Ground out 4-3 (Groundball, 4, EV 85.6 MPH)
|
|
Batting: RHB Thomas Echstenkamper
|
0-0: Called Strike 0-1: Fly out, F8 (Line Drive, 8RD, EV 86.3 MPH)
|
|
Batting: RHB Mike Morse
|
0-0: Ball 1-0: SINGLE (Line Drive, 56D, EV 100.6 MPH)
|
|
Batting: RHB Gregory Chinn
|
0-0: Called Strike 0-1: Ball 1-1: Foul Ball, location: 2F 1-2: Ball 2-2: DOUBLE (Line Drive, 8LD, EV 98.8 MPH) Mike Morse to third Runner from 3rd tries for Home, SAFE, throw by CF to home
|
|
Pitching: RHP Donald Oliver
|
|
|
Batting: RHB Collin Tanabe
|
0-0: Ball 1-0: Foul Ball, location: 2F 1-1: Swinging Strike 1-2: Fly out, F2 (Popup, 23F, EV 85.6 MPH)
|
| Top of the 8th over - 1 run, 2 hits, 0 errors, 1 left on base; Burlington 5 - Cedar Rapids 4 |
| BOTTOM OF THE 8TH |
|
Cedar Rapids Cardinals batting - Pitching for Burlington Bees : RHP Steven Gibson
|
|
Batting: RHB Dean Kornacker
|
0-0: Swinging Strike 0-1: Swinging Strike 0-2: Foul Ball, location: 2F 0-2: Ball 1-2: Strikes out swinging
|
|
Batting: SHB Duane Johnson
|
0-0: Ball 1-0: Fly out, F4 (Line Drive, 4, EV 68.1 MPH)
|
|
Batting: RHB Nehames Bernstine
|
0-0: Foul Ball, location: 2F 0-1: Ball 1-1: Fly out, F8 (Flyball, 8LD, EV 108.1 MPH)
|
| Bottom of the 8th over - 0 runs, 0 hits, 0 errors, 0 left on base; Burlington 5 - Cedar Rapids 4 |
| TOP OF THE 9TH |
|
Burlington Bees batting - Pitching for Cedar Rapids Cardinals : RHP Donald Oliver
|
|
Batting: RHB Mike Quade
|
0-0: Called Strike 0-1: Ball 1-1: Swinging Strike 1-2: Foul Ball, location: 2F 1-2: Fly out, F7 (Flyball, 78S, EV 91.9 MPH)
|
|
Batting: RHB Alexander Delano
|
0-0: Ball 1-0: Ground out 5-3 (Groundball, 56, EV 80.0 MPH)
|
|
Batting: RHB Bob Gergen
|
0-0: Called Strike 0-1: Ball 1-1: Ball 2-1: Called Strike 2-2: Foul Ball, location: 2F 2-2: Foul Ball, location: 2F 2-2: Ball 3-2: Ground out 3-1 (Groundball, 34, EV 98.1 MPH)
|
| Top of the 9th over - 0 runs, 0 hits, 0 errors, 0 left on base; Burlington 5 - Cedar Rapids 4 |
| BOTTOM OF THE 9TH |
|
Cedar Rapids Cardinals batting - Pitching for Burlington Bees : RHP Steven Gibson
|
|
Pitching: RHP Roland Dickerson
|
|
|
Now at 1B: Frank Hardy
|
|
|
Batting: RHB Reggie D Williams
|
0-0: Ball 1-0: Foul Ball, location: 2F 1-1: Ball 2-1: Ball 3-1: Foul Ball, location: 2F 3-2: Strikes out swinging
|
|
Batting: RHB Winston Ficklin
|
0-0: Called Strike 0-1: Ball 1-1: SINGLE (Line Drive, 8RS, EV 90.0 MPH)
|
|
Batting: RHB Mark Poole
|
0-0: Ball 1-0: Fly out, F7 (Flyball, 78D, EV 89.4 MPH) Runner from 1st tags up, SAFE at 2nd
|
|
Batting: LHB Kyle Sanford
|
0-0: Ground out 4-3 (Groundball, 4M, EV 101.3 MPH)
|
| Bottom of the 9th over - 0 runs, 1 hit, 0 errors, 1 left on base; Burlington 5 - Cedar Rapids 4 |
|